 Dungeon Crawl Stone Soup version 0.29-a0-352-g0917bc69df (webtiles) character file.

Game seed: 11899436717856863890

1087 sokol815 the Covert (level 8, -1/50 HPs)
             Began as an Octopode Brigand on Apr 24, 2022.
             Was a Priest of Kikubaaqudgha.
             Killed from afar by an orc wizard (7 damage)
             ... with a puff of flame
             ... on level 6 of the Dungeon.
             The game lasted 00:09:36 (5972 turns).

sokol815 the Covert (Octopode Brigand)              Turns: 5972, Time: 00:09:36

Health: -1/50      AC:  1    Str: 10    XL:     8   Next: 30%
Magic:  0/14       EV: 16    Int: 20    God:    Kikubaaqudgha [***...]
Gold:   200        SH:  0    Dex: 15    Spells: 14/15 levels left

rFire   . . .      SeeInvis .   a - +1 dagger (elec)
rCold   + . .      Faith    .   (no shield)
rNeg    . . .      Spirit   +   (helmet restricted)
rPois   .          Reflect  .   h - amulet of guardian spirit
rElec   .          Harm     .   Z - ring of wizardry {Wiz+, !d}
rCorr   .          Rampage  .   I - +6 ring of intelligence
Will    .....                   E - +4 ring of evasion
Stlth   +++++.....              C - ring of protection from cold {rC+, !d}
HPRegen 0.16/turn               (no ring)
MPRegen 0.14/turn               (no ring)
                                (no ring)
                                (no ring)

@: no status effects
A: almost no armour, amphibious, 8 rings, camouflage 1, gelatinous body 1,
(nimble swimmer 1), tentacles
a: Renounce Religion, Receive Corpses


You were on level 6 of the Dungeon.
You worshipped Kikubaaqudgha.
Kikubaaqudgha was most pleased with you.
You visited 1 branch of the dungeon, and saw 6 of its levels.

You collected 200 gold pieces.

Inventory:

Hand Weapons
 a - a +1 dagger of electrocution (weapon)
   (You found it on level 3 of the Dungeon)
 f - a +3 flail of draining
   (You found it on level 3 of the Dungeon)
 g - a +2 dagger of venom
   (You took it off an orc priest on level 5 of the Dungeon)
 j - the +9 short sword "Engutu" {antimagic, Contam rF+ rN+}
   (You found it on level 5 of the Dungeon)

   It reduces the magical energy of the wielder, and disrupts the spells and
   magical abilities of those it strikes.
   Natural abilities and divine invocations are not affected.
   rF:        It protects you from fire.
   rN:        It protects you from negative energy.
   Contam:    It causes magical contamination when unequipped.
 m - a +2 dagger
Missiles
 b - 11 poisoned darts
 c - 3 curare-tipped darts
 e - 6 boomerangs
 s - 149 stones
Jewellery
 h - an amulet of guardian spirit (around mantle)
   (You took it off a hobgoblin on level 2 of the Dungeon)
 C - a ring of protection from cold (on tentacle) {rC+, !d}
   (You found it on level 5 of the Dungeon)
 E - a +4 ring of evasion (on tentacle)
   (You found it on level 4 of the Dungeon)
 I - a +6 ring of intelligence (right tentacle)
   (You found it on level 3 of the Dungeon)
 Z - a ring of wizardry (left tentacle) {Wiz+, !d}
   (You found it on level 1 of the Dungeon)
Wands
 p - a wand of paralysis (4)
   (You found it on level 2 of the Dungeon)
Scrolls
 W - a scroll of holy word {!r}
 Y - 2 scrolls of teleportation {@r3}
Potions
 d - a potion of invisibility {unknown}
 i - a potion of lignification {unknown}
 G - a potion of ambrosia {!q}
 J - 3 potions of curing {@q1}
 U - 3 potions of mutation {!q}


   Skills:
 - Level 2.0 Fighting
 + Level 7.3 Short Blades
 - Level 2.0 Throwing
 - Level 1.0 Dodging
 + Level 8.3 Stealth
 - Level 4.0 Spellcasting


You had 14 spell levels left.
You knew the following spells:

 Your Spells              Type           Power      Damage    Failure   Level
a - Pain                  Necr           16%        1d4       5%          1

Your spell library contained the following spells:

 Spells                   Type           Power      Damage    Failure   Level
 Animate Skeleton         Necr           8%         N/A       5%          1
 Portal Projectile        Hex/Tloc       8%         N/A       16%         3
 Vampiric Draining        Necr           4%         2d6       16%         3
 Animate Dead             Necr           2%         N/A       43%         4
 Dispel Undead            Necr           4%         3d7       43%         4
 Agony                    Necr           4%         N/A       77%         5
 Blade Hands              Tmut           2%         N/A       77%         5
 Excruciating Wounds      Necr           2%         N/A       77%         5
 Death Channel            Necr           2%         N/A       99%         6
 Simulacrum               Ice/Necr       2%         N/A       99%         6


Dungeon Overview and Level Annotations

Branches:
Dungeon (6/15)             Temple (0/1) D:4

Altars:
Kikubaaqudgha

Annotations:
D:3 Sigmund


Innate Abilities, Weirdness & Mutations

You cannot wear most types of armour.
You are amphibious.
You can wear up to eight rings at the same time.
Your skin changes colour to match your surroundings (Stealth+).
Your rubbery body absorbs attacks. (AC +1, EV +1)
((You are camouflaged when in or above water. (Stealth+)))
You have tentacles for arms and can constrict up to eight enemies at once.


Message History

Done exploring.
Done exploring.
(D) Dungeon (T) Temple
Where to? (? - help)
There is a stone staircase leading down here.
You climb downwards.
There is a stone staircase leading up here.
An iguana comes into view.
A water moccasin comes into view.
The helpless iguana fails to defend itself.
You perforate the iguana like a sieve!!!
You kill the iguana!
Kikubaaqudgha accepts your kill.
The helpless water moccasin fails to defend itself.
You spit the water moccasin like a pig!!!
Lightning courses through the water moccasin!
You kill the water moccasin!
Kikubaaqudgha accepts your kill.
Your Short Blades skill increases to level 7!
You now have 195 gold pieces (gained 9).
Found a stone staircase leading down.
You now have 200 gold pieces (gained 5).
s - 149 stones (gained 22)
i - a coppery potion An orc warrior and an orc wizard come into view.
The orc warrior is wielding a +2 war axe of pain.
An orc wizard and an orc come into view.
The orc is wielding a +2 whip of electrocution.
The orc warrior shouts!
The orc warrior barely misses you.
The orc shouts!
You hit the orc warrior but do no damage.
Your grab misses the orc warrior.
The orc warrior hits you with a +2 war axe of pain!
You take 13 damage, and have 37/50 hp.
MASSIVE DAMAGE!!
You now have 10/14 mp.
You hit the orc warrior but do no damage.
Your grab misses the orc warrior.
You hit the orc warrior but do no damage.
Your grab misses the orc warrior.
The orc warrior hits you with a +2 war axe of pain!
You take 11 damage, and have 26/50 hp.
MASSIVE DAMAGE!!
You now have 6/14 mp.
You hit the orc warrior but do no damage.
Your grab misses the orc warrior.
The orc warrior hits you with a +2 war axe of pain.
You take 3 damage, and have 23/50 hp.
You now have 5/14 mp.
Unknown command.
The orc wizard mumbles some strange words.
The orc wizard flickers and vanishes!
Deactivating autopickup; reactivate with Ctrl-A.
You feel better.
The orc warrior hits you with a +2 war axe of pain!
You now have 4/14 mp.
You hit the orc warrior but do no damage.
You grab the orc warrior.
You squeeze the orc warrior, but do no damage.
You constrict the orc warrior, but do no damage.
You hit the orc warrior.
You squeeze the orc warrior, but do no damage.
You constrict the orc warrior, but do no damage.
The orc warrior hits you with a +2 war axe of pain!
You take 8 damage, and have 17/50 hp.
You now have 3/14 mp.
You hit the orc warrior but do no damage.
You constrict the orc warrior, but do no damage.
You hit the orc warrior.
You constrict the orc warrior, but do no damage.
The orc warrior barely misses you.
You hit the orc warrior but do no damage.
You squeeze the orc warrior, but do no damage.
You constrict the orc warrior, but do no damage.
The orc warrior closely misses you.
You hit the orc warrior but do no damage.
You constrict the orc warrior. You hit the orc warrior.
You squeeze the orc warrior, but do no damage.
You constrict the orc warrior.
The orc warrior hits you with a +2 war axe of pain!
* * * LOW HITPOINT WARNING * * *
You take 9 damage, and have 8/50 hp.
You now have 1/14 mp.
Unknown command.
You hit the orc warrior.
Lightning courses through the orc warrior!!
You kill the orc warrior!
Kikubaaqudgha accepts your kill.
You hit the orc. Lightning courses through the orc!!
You kill the orc!
Kikubaaqudgha accepts your kill.
The orc wizard mumbles some strange words.
The orc wizard flickers and vanishes!
A magic dart appears from out of thin air!
The magic dart hits you.
* * * LOW HITPOINT WARNING * * *
You take 4 damage, and have 5/50 hp.
You now have 1/14 mp.
A puff of flame appears from out of thin air!
The puff of flame hits you!
You die...
Kikubaaqudgha rasps: "You have failed me!
Welcome... death!"

##...# # ##.##
.#### #.#
....##### #.#
###.....# #{#
.##.>...########.#
..............##.#
###.....#####.##.#
........#####.##@#
#######.##.......#
#.##.##.####
#.##.##.#
#.......#
####.#### #.# #.#
..#


There were no monsters in sight!

Vanquished Creatures
  Edmund (D:5)
  A water moccasin (D:6)
  An orc warrior (D:6)
  An ogre (D:5)
  A centaur (D:5)
  2 phantoms
  A necrophage (D:4)
  A howler monkey (D:5)
  2 jellies
  3 orc priests (D:5)
  3 iguanas
  An orc wizard (D:5)
  2 adders (D:4)
  A shadow imp (D:3)
  A white imp (D:5)
  3 dart slugs
  6 orcs
  12 ball pythons
  8 bats
  7 endoplasms
  3 giant cockroaches
  7 goblins
  9 hobgoblins
  2 quokkas
  3 frilled lizards (D:2)
  5 kobolds
  3 rats
90 creatures vanquished.

Notes
Turn   | Place    | Note
-------+----------+-------------------------------------------
     0 | D:1      | sokol815 the Octopode Brigand began the quest for the Orb.
     0 | D:1      | Reached XP level 1. HP: 14/14 MP: 1/1
   424 | D:1      | Found a faded altar of an unknown god.
   427 | D:1      | Reached XP level 2. HP: 19/19 MP: 2/2
   436 | D:1      | Prayed at the altar of an unknown god.
   436 | D:1      | Became a worshipper of Kikubaaqudgha
   436 | D:1      | Reached * piety under Kikubaaqudgha
   436 | D:1      | Received a gift from Kikubaaqudgha
   883 | D:1      | Learned a level 1 spell: Pain
  1251 | D:2      | Reached skill level 6 in Stealth
  1260 | D:2      | Reached XP level 3. HP: 23/24 MP: 3/3
  1652 | D:2      | Reached ** piety under Kikubaaqudgha
  2019 | D:3      | Reached skill level 3 in Short Blades
  2061 | D:3      | Reached skill level 1 in Spellcasting
  2061 | D:3      | Noticed a phantom
  2125 | D:3      | Reached XP level 4. HP: 29/29 MP: 5/5
  2313 | D:3      | Noticed Sigmund
  2804 | D:3      | HP: 6/29 [phantom (6)]
  2807 | D:3      | Killed a phantom
  2808 | D:3      | Reached skill level 2 in Spellcasting
  2808 | D:3      | Reached XP level 5. HP: 7/34 MP: 2/8
  3361 | D:4      | Reached skill level 7 in Stealth
  3361 | D:4      | Reached skill level 3 in Spellcasting
  3361 | D:4      | Reached XP level 6. HP: 32/39 MP: 7/10
  3744 | D:4      | Found a staircase to the Ecumenical Temple.
  4025 | D:5      | Entered Level 5 of the Dungeon
  4331 | D:5      | Reached skill level 4 in Short Blades
  4386 | D:5      | Reached XP level 7. HP: 45/45 MP: 12/12
  4394 | D:5      | Noticed Edmund
  4581 | D:5      | Reached skill level 4 in Spellcasting
  4664 | D:5      | Reached skill level 8 in Stealth
  4681 | D:5      | HP: 11/45 [something (1)]
  4687 | D:5      | HP: 4/45 [something (2)]
  4692 | D:5      | Reached *** piety under Kikubaaqudgha
  4692 | D:5      | Received a gift from Kikubaaqudgha
  4693 | D:5      | Reached skill level 5 in Short Blades
  5428 | D:5      | Identified the +9 short sword "Engutu" {antimagic, Contam
                  | rF+ rN+}
  5588 | D:5      | Killed Edmund
  5589 | D:5      | Reached skill level 6 in Short Blades
  5589 | D:5      | Reached XP level 8. HP: 20/50 MP: 6/14
  5876 | D:6      | Reached skill level 7 in Short Blades
  5957 | D:6      | HP: 8/50 [orc warrior/+2 war axe of pain (10)]
  5966 | D:6      | HP: 5/50 [something/magic dart (4)]
  5972 | D:6      | Killed from afar by an orc wizard

Illustrated notes

Levels and vault maps discovered:
D:1:      dpeg_arrival_orchard, layout_basic,
          hellmonk_ecumenical_altar_pennies_from_heaven,
          minmay_misc_feat_diagonals
D:2:      layout_basic
D:3:      minmay_octagon_keep, layout_loops_ring, uniq_sigmund
D:4:      layout_loops_ring, temple_hall, serial_park_tiny_2
D:5:      layout_layer_cave, uniq_edmund
D:6:      layout_loops_cross

Skill      XL: |  1  2  3  4  5  6  7  8 |
---------------+-------------------------+-----
Stealth        | 6 7 8 |  8.3
Short Blades   | 3 4 6 7 |  7.3
Spellcasting   | 1 2 3 4 |  4.0
Fighting       | |  2.0
Throwing       | |  2.0
Dodging        | |  1.0

Action                   |  1- 3 |  4- 6 |  7- 9 || total
-------------------------+-------+-------+-------++-------
Melee: Dagger            |    55 |    70 |    71 ||   196
       Constrict         |     8 |    11 |     8 ||    27
       Tentacles         |    11 |    16 |    11 ||    38
       Punch             |       |     1 |     1 ||     2
Throw: Stone             |     6 |     7 |       ||    13
  Use: Scroll            |       |     7 |     2 ||     9
       Potion            |       |       |     2 ||     2
 Stab: Sleeping          |    19 |     9 |     3 ||    31
       Distracted        |       |       |     1 ||     1
Armor: Skin              |     4 |     6 |       ||    10
Dodge: Dodged            |    21 |    28 |    22 ||    71

Table legend: (Time is in decaauts)
 A = Elapsed time spent in this place.
 B = Non-inter-level travel time spent in this place.
 C = Inter-level travel time spent in this place.
 D = Time resting spent in this place.
 E = Time spent auto-exploring this place.
 F = Levels seen in this place.
 G = Mean time per level.
                   A        B        C        D        E       F      G
               +--------+--------+--------+--------+--------+-----+--------+
         Total |   5931 |   5776 |    155 |    818 |   4302 |   6 |  988.5 |
       Dungeon |   5931 |   5776 |    155 |    818 |   4302 |   6 |  988.5 |
               +--------+--------+--------+--------+--------+-----+--------+

Top non-repeatable levels by time:
     D:5: 1575 daAuts
     D:3: 1399 daAuts
     D:1: 1203 daAuts
     D:4: 927 daAuts
     D:2: 717 daAuts
     D:6: 108 daAuts

Table legend:
 A = Kills in this place as a percentage of kills in entire the game.
 B = Kills by you in this place as a percentage of kills by you in the entire game.
 C = Kills by friends in this place as a percentage of kills by friends in the entire game.
 D = Other kills in this place as a percentage of other kills in the entire game.
 E = Experience gained in this place as a percentage of experience gained in the entire game.
 F = Experience gained in this place divided by the number of levels of this place that you have seen.
                   A       B       C       D       E      F
               +-------+-------+-------+-------+-------+----------------------
         Total | 100.0 | 100.0 |   N/A |   N/A | 100.0 | 259.0
       Dungeon | 100.0 | 100.0 |   N/A |   N/A | 100.0 | 259.0
               +-------+-------+-------+-------+-------+----------------------
